 Dungeon Crawl Stone Soup version 0.17.0-24-gcfadda4 (webtiles) character file.

23794 tp1 the Eclecticist (level 12, 0/59 HPs)
             Began as a Deep Elf Conjurer on Nov 16, 2015.
             Was a High Priest of Vehumet.
             Slain by an ice dragon (2 damage)
             ... on level 4 of the Lair of Beasts.
             The game lasted 01:22:34 (16078 turns).

tp1 the Eclecticist (Deep Elf Conjurer)            Turns: 16078, Time: 01:22:34

Health: 0/59       AC: 10    Str:  3    XL:     12   Next: 75%
Magic:  17/33      EV:  2    Int: 32    God:    Vehumet [*****.]
Gold:   690        SH:  0    Dex: 15    Spells: 7 memorised, 23 levels left

rFire  + . .     SeeInvis .     (no weapon)
rCold  + . .     Clarity  .     I - +2 leather armour {rPois}
rNeg   + + +     SustAt   .     (no shield)
rPois  ∞         Gourm    .     O - +1 hat {Int+3}
rElec  .         Spirit   .     (no cloak)
rCorr  .         Warding  .     E - +0 pair of gloves
rMut   .         Stasis   .     r - +0 pair of boots
MR     +....                    s - amulet of regeneration
Stlth  ++........               M - ring "Xicaosic" {rF+ rN+ Int+3}
                                f - ring of protection from cold

@: petrified, very slightly contaminated, hasted, somewhat resistant to hostile
enchantments, unstealthy
A: large bone plates 1, spit poison 1, weak 1
a: Spit Poison, Renounce Religion


You were on level 4 of the Lair of Beasts.
You worshipped Vehumet.
Vehumet was extremely pleased with you.
You were near starving.

You visited 3 branches of the dungeon, and saw 17 of its levels.
You also visited: Ossuary.

You collected 690 gold pieces.

Inventory:

Hand Weapons
 j - a +3 short sword of venom
Armour
 r - a +0 pair of boots (worn)
 E - a +0 pair of gloves (worn)
 I - a +2 leather armour of poison resistance (worn)
 O - a +1 hat of intelligence (worn)
Jewellery
 f - a ring of protection from cold (left hand)
 s - an amulet of regeneration (around neck)
 M - the ring "Xicaosic" (right hand) {rF+ rN+ Int+3}
   (You found it on level 1 of the Lair of Beasts)

   [ring of protection from fire]

   It affects your intelligence (+3).
   It protects you from fire.
   It protects you from negative energy.
Wands
 n - a wand of draining (15)
Scrolls
 m - a scroll of remove curse
 p - 5 scrolls of teleportation
 t - 6 scrolls of identify
 A - a scroll of blinking
 B - 2 scrolls of amnesia {unknown}
 H - 2 scrolls of fog
 S - 2 scrolls of enchant weapon {unknown}
 T - a scroll of fear
 V - a scroll of silence {unknown}
Potions
 d - 7 potions of curing
 h - a potion of brilliance
 k - 4 potions of magic
 l - 3 potions of flight
 v - a potion of agility
 z - a potion of might
Books
 b - a book of Conjurations

   Spells                             Type                      Level
   a - Magic Dart                     Conjuration                  1
   b - Searing Ray                    Conjuration                  2
   c - Dazzling Spray                 Conjuration/Hexes            3
   d - Fulminant Prism                Conjuration/Hexes            4
   e - Iskenderun's Mystic Blast      Conjuration                  4
   f - Iskenderun's Battlesphere      Conjuration/Charms           5
 e - a book of Hinderance

   Spells                             Type                      Level
   a - Confusing Touch                Hexes                        2
   b - Confuse                        Hexes                        3
   c - Gell's Gravitas                Hexes/Translocation          3
   d - Petrify                        Transmutation/Earth          4
   e - Metabolic Englaciation         Hexes/Ice                    5
 o - a book of Beasts

   Spells                             Type                      Level
   a - Summon Butterflies             Summoning                    1
   b - Call Canine Familiar           Summoning                    3
   c - Summon Ice Beast               Ice/Summoning                4
   d - Summon Mana Viper              Hexes/Summoning              5
   e - Summon Hydra                   Summoning                    7
 C - an Akashic Record

   Spells                             Type                      Level
   a - Dispersal                      Translocation                6
   b - Malign Gateway                 Summoning/Translocation      7
   c - Disjunction                    Translocation                8
   d - Controlled Blink               Translocation                8
Comestibles
 a - a beef jerky
 c - 11 bread rations
 g - 10 meat rations
 i - 10 royal jellies
 q - 6 chunks of flesh


   Skills:
 - Level 2.4 Dodging
 - Level 2.6 Stealth
 - Level 15.0 Spellcasting
 + Level 12.6 Conjurations
 - Level 3.0 Hexes
 - Level 8.2 Charms
 - Level 4.0 Translocations
 - Level 13.1 Fire Magic


You had 23 spell levels left.
You knew the following spells:

 Your Spells              Type           Power        Failure   Level  Hunger
a - Magic Dart            Conj           ####         1%          1    None
b - Searing Ray           Conj           ######       1%          2    None
c - Flame Tongue          Conj/Fire      #####        1%          1    None
d - Iskenderun's Battles  Conj/Chrm      ######..     1%          5    None
e - Confuse               Hex            #####...     3%          3    None
f - Gell's Gravitas       Hex/Tloc       #####.....   2%          3    None
i - Inner Flame           Hex/Fire       ######..     1%          3    None


Dungeon Overview and Level Annotations

Branches:
Dungeon (10/15)            Temple (1/1) D:5            Lair (6/8) D:9
 Spider (0/4) Lair:5        Slime (0/6) Lair:6          Orc (0/4) D:9
  Swamp: Lair:3-6    Shoals: Lair:3-6

Altars:
Dithmenos
Fedhas
Kikubaaqudgha
Makhleb
Nemelex Xobeh
Ru
Sif Muna
Trog
Vehumet
Yredelemnul
Zin
The Shining One
Beogh


Innate Abilities, Weirdness & Mutations

You are partially covered in large bone plates (AC +2, SH +2).
You can spit weak poison.
You are weak. (Str -2)


Message History

The ice dragon breathes frost at you.
The blast of cold hits your battlesphere.
Your battlesphere resists.
Helpless, you fail to dodge the blast of cold.
You resist.
* * * LOW HITPOINT WARNING * * *
You hear a screech!
You hear a loud, deep croak!
You hear a croak.
You hear a screech!
The ice dragon barely misses your battlesphere.
The ice dragon claws your battlesphere!
Your battlesphere is destroyed!
The ice dragon breathes frost at you. The blast of cold hits you! You resist.
* * * LOW HITPOINT WARNING * * *
A giant frog comes into view.
The giant frog gives a loud, deep croak!
You hear a screech!
The ice dragon bites you but does no damage.
The ice dragon claws you.
You die...

#..÷..........##.......... #
####..#†##.##P.P###.....P#.P.
.####..#...###########..#........
..#...#...## #### #....#...#..#
........#.#####..# ###...##.###.
.#....P..........## #.###P.P##.
...........r......# ##..........
..P#.#.#P..#####.## #..........P
..........## #@# #..........#
###.####..# #D# ##..........
..##..Y.## #S# ##.........
.....Y†### #F# ##.......# .#.....


.lH #........# ....... .Y.#. .P...#..... ......r ......l Y......###.. ≈..≈≈≈Y
.P#... SH....... ## ≈≈≈≈≈≈≈ ≈≈##.#. ..P....#. You could see an ice dragon, a yak
(confused), a hippogriff, a basilisk, a water moccasin and a giant frog.

Vanquished Creatures
  2 hydras
  Sonja (Lair:1)
  A hill giant (D:10)
  An oklob plant (D:6)
  An elephant (D:9)
  3 black mambas
  5 komodo dragons
  6 spiny frogs
  A fire drake (Lair:1)
  A queen bee (Lair:3)
  2 trolls
  A merfolk (D:9)
  9 blink frogs (Lair:3)
  A basilisk (Lair:3)
  Grum (Lair:1)
  16 yaks
  5 hippogriffs
  A hungry ghost (D:7)
  A wyvern (D:10)
  8 porcupines
  8 water moccasins
  10 wolves (Lair:1)
  2 orc warriors
  A sky beast (D:7)
  3 ice beasts
  4 ogres
  2 phantoms
  2 centaurs
  A necrophage (D:9)
  Blork the orc (D:6)
  4 crocodiles
  An elf zombie (Ossuary)
  16 giant frogs
  42 killer bees
  5 scorpions
  5 wights (D:8)
  An electric eel (Lair:1)
  11 jellies
  4 hounds
  2 giant frog zombies
  5 crimson imps
  3 orc priests
  Jessica (D:9)
  8 orc wizards
  3 human zombies (Ossuary)
  Natasha (thrice) (D:2 D:4)
  9 iguanas
  A sheep (D:9)
  7 worker ants
  2 big kobold zombies (Ossuary)
  2 hound zombies (Ossuary)
  A hound skeleton (D:4)
  3 mummies (Ossuary)
  27 river rats
  10 adders
  11 gnolls
  4 shadow imps
  14 oozes
  An adder skeleton (D:5)
  2 adder zombies (Ossuary)
  2 worms
  6 giant geckos
  45 orcs
  3 ball pythons
  6 bats
  6 giant cockroaches
  2 gnoll zombies (Ossuary)
  9 hobgoblins
  5 jackals
  5 quokkas
  2 giant gecko skeletons (D:5)
  11 giant newts
  5 goblins
  A goblin zombie (Ossuary)
  6 hobgoblin zombies (Ossuary)
  4 jackal zombies (Ossuary)
  4 kobolds
  5 kobold zombies (Ossuary)
  An orc zombie (Ossuary)
  5 quokka zombies
  5 rats
  A rat zombie (Ossuary)
448 creatures vanquished.

Vanquished Creatures (others)
  8 fungi
8 creatures vanquished.

Grand Total: 456 creatures vanquished

Notes
Turn   | Place    | Note
--------------------------------------------------------------
     0 | D:1      | tp1 the Deep Elf Conjurer began the quest for the Orb.
     0 | D:1      | Reached XP level 1. HP: 10/10 MP: 6/6
   269 | D:1      | Reached XP level 2. HP: 15/15 MP: 2/8
   434 | D:1      | Reached skill level 5 in Conjurations
  1221 | D:1      | Learned a level 2 spell: Searing Ray
  1301 | D:2      | Reached XP level 3. HP: 19/19 MP: 1/9
  1392 | D:2      | Noticed Natasha
  1398 | D:2      | Killed Natasha
  1398 | D:2      | Reached skill level 6 in Conjurations
  1398 | D:2      | Reached XP level 4. HP: 24/24 MP: 0/10
  1798 | D:2      | Found an ancient bone altar of Kikubaaqudgha.
  2473 | D:3      | Reached XP level 5. HP: 28/28 MP: 10/13
  2480 | D:3      | Learned a level 5 spell: Iskenderun's Battlesphere
  2779 | D:3      | Reached skill level 5 in Spellcasting
  3022 | D:3      | Reached skill level 1 in Charms
  3833 | D:4      | Noticed Natasha
  3836 | D:4      | Killed Natasha
  4021 | D:4      | Noticed an ogre
  4090 | D:4      | Noticed Natasha
  4091 | D:4      | Killed Natasha
  4210 | D:4      | Found a burning altar of Makhleb.
  4212 | D:4      | Found a glowing silver altar of Zin.
  4212 | D:4      | Noticed an angel
  4215 | D:4      | Noticed an Executioner
  4290 | D:4      | Reached XP level 6. HP: 20/32 MP: 5/15
  4309 | D:4      | Reached skill level 5 in Charms
  4525 | D:4      | Killed an ogre
  4638 | D:5      | Entered Level 5 of the Dungeon
  4652 | D:5      | Reached skill level 7 in Charms
  4652 | D:5      | Reached XP level 7. HP: 5/36 MP: 8/16
  4931 | D:5      | Found a staircase to the Ecumenical Temple.
  4941 | Temple   | Entered the Ecumenical Temple
  4955 | Temple   | Became a worshipper of Vehumet
  5041 | D:5      | Found a sparkling altar of Nemelex Xobeh.
  5060 | D:5      | Reached skill level 8 in Charms
  5901 | D:5      | Found a sparkling altar of Nemelex Xobeh.
  6145 | D:6      | Noticed an oklob plant
  6321 | D:6      | Reached * piety under Vehumet
  6321 | D:6      | Offered knowledge of Flame Tongue by Vehumet.
  6389 | D:6      | Reached XP level 8. HP: 41/41 MP: 9/18
  6657 | D:6      | Noticed Blork the orc
  6667 | D:6      | Killed Blork the orc
  6883 | D:6      | Learned a level 1 spell: Flame Tongue
  6932 | D:6      | Reached skill level 1 in Fire Magic
  7373 | D:6      | Offered knowledge of Shock by Vehumet.
  7448 | D:6      | Reached ** piety under Vehumet
  7473 | D:6      | Killed an oklob plant
  7473 | D:6      | Reached XP level 9. HP: 12/45 MP: 10/23
  8030 | D:7      | Gained mutation: You can spit weak poison. [mutagenic meat]
  8031 | D:7      | Gained mutation: You expend magic power (3 MP) to strengthen your wands. [mutagenic meat]
  8032 | D:7      | Gained mutation: You are weak. (Str -2) [mutagenic meat]
  8033 | D:7      | Gained mutation: You are partially covered in large bone plates (AC +2, SH +2). [mutagenic meat]
  8034 | D:7      | Lost mutation: You expend magic power (3 MP) to strengthen your wands. [mutagenic meat]
  8165 | D:7      | Found a glowing golden altar of the Shining One.
  8175 | D:7      | Reached skill level 9 in Fire Magic
  8372 | D:7      | Reached skill level 10 in Fire Magic
  8422 | D:7      | Offered knowledge of Static Discharge by Vehumet.
  8513 | D:8      | Found a shadowy altar of Dithmenos.
  8571 | D:8      | Found a sand-covered staircase.
  8580 | Ossuary  | Entered an ossuary
  8588 | Ossuary  | Reached *** piety under Vehumet
  8600 | Ossuary  | Learned a level 3 spell: Confuse
  8792 | Ossuary  | Offered knowledge of Inner Flame by Vehumet.
  8792 | Ossuary  | Reached skill level 1 in Hexes
  8797 | Ossuary  | Learned a level 3 spell: Inner Flame
  9058 | Ossuary  | Reached **** piety under Vehumet
  9152 | D:8      | Reached XP level 10. HP: 50/50 MP: 20/24
  9154 | D:8      | Offered knowledge of Bolt of Draining by Vehumet.
  9270 | D:8      | Learned a level 3 spell: Gell's Gravitas
  9280 | D:8      | Reached skill level 1 in Translocations
  9693 | D:8      | Found a sacrificial altar of Ru.
  9694 | D:8      | Found a glowing golden altar of the Shining One.
 10013 | D:8      | Found a sacrificial altar of Ru.
 10014 | D:8      | Found a glowing golden altar of the Shining One.
 10086 | D:8      | Found a shadowy altar of Dithmenos.
 10466 | D:9      | Found a roughly hewn altar of Beogh.
 10493 | D:9      | Found a staircase to the Orcish Mines.
 10876 | D:9      | Reached skill level 10 in Spellcasting
 10922 | D:9      | Noticed an elephant
 10939 | D:9      | Killed an elephant
 10995 | D:9      | Found a staircase to the Lair.
 11005 | D:9      | Reached skill level 11 in Spellcasting
 11024 | D:9      | Reached ***** piety under Vehumet
 11024 | D:9      | Offered knowledge of Lightning Bolt by Vehumet.
 11492 | D:9      | Noticed Jessica
 11494 | D:9      | Killed Jessica
 11500 | D:9      | Found a deep blue altar of Sif Muna.
 11573 | D:10     | Entered Level 10 of the Dungeon
 11615 | D:10     | Reached skill level 12 in Spellcasting
 11773 | D:10     | Noticed a hill giant
 11780 | D:10     | Killed a hill giant
 11833 | Lair:1   | Entered Level 1 of the Lair of Beasts
 11849 | Lair:1   | Got a brightly glowing amber ring
 11865 | Lair:1   | Reached skill level 13 in Spellcasting
 11988 | Lair:1   | Reached XP level 11. HP: 54/54 MP: 23/30
 12043 | Lair:1   | Noticed a seven-headed hydra
 12048 | Lair:1   | Killed a seven-headed hydra
 12048 | Lair:1   | Reached skill level 14 in Spellcasting
 12049 | Lair:1   | Identified the ring "Xicaosic" {rF+ rN+ Int+3} (You found it on level 1 of the Lair of Beasts)
 12267 | Lair:1   | Noticed a black mamba
 12271 | Lair:1   | Killed a black mamba
 12305 | Lair:1   | Noticed Grum
 12313 | Lair:1   | Killed Grum
 12313 | Lair:1   | Reached skill level 15 in Spellcasting
 12481 | Lair:1   | Noticed Sonja
 12482 | Lair:1   | Killed Sonja
 13381 | Lair:2   | Offered knowledge of Ozocubu's Refrigeration by Vehumet.
 13381 | Lair:2   | Reached skill level 10 in Conjurations
 14408 | Lair:3   | Reached XP level 12. HP: 59/59 MP: 23/33
 15388 | Lair:3   | Noticed a five-headed hydra
 15394 | Lair:3   | Killed a five-headed hydra
 15689 | Lair:3   | You fall through a shaft for 3 floors!
 15974 | Lair:4   | Offered knowledge of Orb of Destruction by Vehumet.
 16023 | Lair:4   | Noticed a catoblepas
 16069 | Lair:4   | Noticed an ice dragon
 16076 | Lair:4   | HP: 1/59 [ice dragon/blast of cold (13)]
 16078 | Lair:4   | Slain by an ice dragon

Action                   |  1- 3 |  4- 6 |  7- 9 | 10-12 || total
-------------------------+-------+-------+-------+-------++-------
Melee: Dagger            |     1 |       |       |       ||     1
       Short sword       |       |    16 |    10 |       ||    26
       Hand axe          |       |     1 |       |       ||     1
       Morningstar       |       |       |       |     8 ||     8
 Cast: Magic Dart        |    50 |    91 |   224 |   373 ||   738
       Searing Ray       |     1 |    10 |    10 |    18 ||    39
       Iskenderun's Batt |       |     3 |    56 |    85 ||   144
       Confuse           |       |       |     1 |     2 ||     3
       Inner Flame       |       |       |       |    23 ||    23
  Use: Scroll            |       |     2 |    12 |     6 ||    20
       Potion            |       |     2 |     1 |     9 ||    12
 Stab: Sleeping          |       |     1 |       |       ||     1
  Eat: Chunk             |     1 |    10 |    17 |    23 ||    51
       Beef jerky        |       |     1 |     1 |       ||     2
       Meat ration       |       |       |     2 |       ||     2
       Bread ration      |       |       |     1 |     1 ||     2
       Fruit             |       |       |       |     1 ||     1
